 Dungeon Crawl Stone Soup version 0.27.1-3-gb3d3a73c9e (webtiles) character file.

Game seed: 14443657385370848953

355 vatarom the Firebug (level 6, -2/35 HPs)
             Began as a Deep Elf Fire Elementalist on Oct 7, 2021.
             Slain by a gnoll (4 damage)
             ... on level 4 of the Dungeon.
             The game lasted 00:09:48 (3991 turns).

vatarom the Firebug (Deep Elf Fire Elementalist)    Turns: 3991, Time: 00:09:48

Health: -2/35      AC:  2    Str:  6    XL:     6   Next: 36%
Magic:  4/15       EV: 12    Int: 21    God:
Gold:   164        SH:  0    Dex: 15    Spells: 7/14 levels left

rFire    . . .     SeeInvis .   h - +3 short sword (venom)
rCold    . . .     Faith    .   (no shield)
rNeg     . . .     Spirit   .   a - +0 robe
rPois    .         Reflect  .   (no helmet)
rElec    .         Harm     .   (no cloak)
rCorr    .         Rampage  .   (no gloves)
Will     .....                  (no boots)
Stlth    ++........             (no amulet)
HPRegen  0.11/turn              (no ring)
MPRegen  0.14/turn              (no ring)

@: flying
A: no striking features
a: no special abilities


You were on level 4 of the Dungeon.
You visited 1 branch of the dungeon, and saw 4 of its levels.

You collected 164 gold pieces.

Inventory:

Hand Weapons
 c - a +0 short sword
 f - a +0 hunting sling
 h - a +3 short sword of venom (weapon)
Missiles
 b - 4 poisoned darts
 g - 82 stones
 i - 23 sling bullets
Armour
 a - a +0 robe (worn)
Scrolls
 e - a scroll of identify {@r1}
 j - a scroll of enchant weapon


   Skills:
 + Level 1.6 Fighting
 - Level 2.4 Dodging
 - Level 2.4 Stealth
 + Level 4.8 Spellcasting
 + Level 3.3 Conjurations
 * Level 5.8 Fire Magic


You had 7 spell levels left.
You knew the following spells:

 Your Spells              Type           Power      Damage    Failure   Level
a - Foxfire               Conj/Fire      96%        2x1d8     1%          1
b - Inner Flame           Hex/Fire       17%        N/A       10%         3
c - Conjure Flame         Conj/Fire      24%        6-21      4%          3

Your spell library contained the following spells:

 Spells                   Type           Power      Damage    Failure   Level
 Sticky Flame             Conj/Fire      24%        2d5       17%         4
 Fireball                 Conj/Fire      12%        3d7       43%         5


Dungeon Overview and Level Annotations

Branches:
Dungeon (4/15)
 Temple: D:4-7

Altars:
Uskayaw


Message History

The gnoll is heavily wounded.
The gnoll closely misses you.
The gnoll hits you from afar with a +0 spear.
The gnoll completely misses you.
You hit the gnoll but do no damage.
The gnoll looks as sick as possible!
The gnoll is heavily wounded.
The gnoll closely misses you. The gnoll barely misses you.
There is a stone staircase leading down here.
Casting: Foxfire (safe; 1% risk of failure)
Confirm with . or Enter, or press ? or * to list all spells.
The fire begins to smoulder!
You feel a bit more experienced. The gnoll barely misses you.
The fire ignites!
There is a stone staircase leading down here.
Really fly into that cloud of flame? [Y]es or [N]o only, please.
Really fly into that cloud of flame?
Okay, then.
Casting: Conjure Flame (dangerous; 4% risk of failure)
Confirm with . or Enter, or press ? or * to list all spells.
You conjure some foxfire!
The gnoll hits you with a +0 spear!
Casting: Foxfire (safe; 1% risk of failure)
Confirm with . or Enter, or press ? or * to list all spells.
There is not enough space to conjure foxfire!
You barely miss the gnoll.
The foxfire hits the gnoll.
The gnoll is heavily wounded.
The gnoll closely misses you.
You hit the gnoll.
The gnoll is poisoned.
The gnoll is severely wounded.
The gnoll hits you from afar with a +0 halberd!
* * * LOW HITPOINT WARNING * * *
The gnoll barely misses you. The gnoll closely misses you.
You aren't carrying any potions.
As you read the scroll labelled PUNOKE OPOXO, it crumbles to dust.
It is a scroll of identify.
You don't have any unidentified items.
The gnoll hits you with a +0 spear.
* * * LOW HITPOINT WARNING * * *
The gnoll closely misses you. The gnoll hits you with a +0 spear.
You die...

##################
#.gg).!....<......
#@#########.......
#ยง# .[.....# #.#
......... #.#
.......... #.#
##......... #.#
##.......# #.#
##......# ..# .##


You could see 2 gnolls.

Vanquished Creatures
  A phantom (D:4)
  A kobold brigand (D:3)
  A hound (D:4)
  An orc wizard (D:4)
  2 gnolls (D:4)
  4 adders
  A worm (D:3)
  4 dart slugs
  4 orcs
  7 ball pythons
  6 endoplasms
  A giant cockroach (D:3)
  9 goblins
  6 hobgoblins
  14 jackals
  5 bats
  3 frilled lizards
  7 kobolds
  7 rats
84 creatures vanquished.

Vanquished Creatures (others)
  179 foxfires
179 creatures vanquished.

Grand Total: 263 creatures vanquished

Notes
Turn   | Place    | Note
-------+----------+-------------------------------------------
     0 | D:1      | vatarom the Deep Elf Fire Elementalist began the quest for
                  | the Orb.
     0 | D:1      | Reached XP level 1. HP: 10/10 MP: 6/6
   205 | D:1      | Reached XP level 2. HP: 10/15 MP: 2/8
   713 | D:1      | Reached skill level 4 in Fire Magic
   780 | D:1      | Reached XP level 3. HP: 19/19 MP: 6/10
   814 | D:1      | Learned a level 3 spell: Conjure Flame
  1012 | D:1      | Found a faded altar of an unknown god.
  1539 | D:2      | Learned a level 3 spell: Inner Flame
  1829 | D:2      | Reached XP level 4. HP: 24/24 MP: 9/11
  2826 | D:3      | Noticed a kobold brigand
  2868 | D:3      | Killed a kobold brigand
  2869 | D:3      | Reached skill level 1 in Fighting
  2869 | D:3      | Reached skill level 5 in Fire Magic
  2869 | D:3      | Reached XP level 5. HP: 2/29 MP: 5/13
  3558 | D:3      | Noticed a +3 hand axe
  3559 | D:3      | Found a hide-covered altar of Uskayaw.
  3560 | D:3      | Noticed a +0 dagger
  3810 | D:4      | Noticed a phantom
  3817 | D:4      | Killed a phantom
  3818 | D:4      | Reached XP level 6. HP: 26/34 MP: 8/15
  3991 | D:4      | Slain by a gnoll

Illustrated notes

Levels and vault maps discovered:
D:1:      lordsloth_arrival_two_stooges, layout_basic,
          dreamdust_ecumenical_altar_angels_and_demons, minmay_misc_feat_five,
          due_unseen_surprise
D:2:      minmay_general_purpose_star, layout_basic, minmay_misc_feat_enclosed,
          minmay_box_of_dots
D:3:      layout_basic, dancing_weapons_uskayaw
D:4:      layout_loops_ring

Skill      XL: |  1  2  3  4  5 |
---------------+----------------+-----
Fire Magic     | 4 5 |  5.8
Conjurations   | 2 3 |  3.3
Spellcasting   | 4 |  4.8
Fighting       | 1 |  1.6
Dodging        | |  2.4
Stealth        | |  2.4

Action                   |  1- 3 |  4- 6 || total
-------------------------+-------+-------++-------
Melee: Unarmed           |     5 |       ||     5
       Short sword       |     2 |    39 ||    41
 Fire: Hunting sling     |     8 |    30 ||    38
 Cast: Foxfire           |    70 |    47 ||   117
       Conjure Flame     |       |     7 ||     7
       Inner Flame       |       |     2 ||     2
  Use: Scroll            |     1 |     3 ||     4
       Potion            |     1 |     3 ||     4
Armor: Robe              |     9 |    10 ||    19
       Skin              |       |     3 ||     3
Dodge: Dodged            |    24 |    38 ||    62
